 Dungeon Crawl Stone Soup version 0.31-a0-96-g196d5507e3 (webtiles) character file.

Game seed: 6154452974666847969

183 Bnni the Digger (level 5, 0/38 HPs)
             Began as a Formicid Earth Elementalist on May 26, 2023.
             Slain by Pikel
             ... wielding a +2 whip of electrocution
              (5 damage)
             ... on level 4 of the Dungeon.
             The game lasted 00:05:01 (3084 turns).

Bnni the Digger (Formicid Earth Elementalist)       Turns: 3084, Time: 00:05:01

Health: 0/38       AC:  8    Str: 11    XL:     5   Next: 94%
Magic:  7/9        EV: 11    Int: 16    God:
Gold:   138        SH:  0    Dex: 14    Spells: 0/10 levels left

rFire   . . .        f - +0 short sword
rCold   . . .        (no shield)
rNeg    . . .        p - +0 leather armour
rPois   .            (helmet unavailable)
rElec   .            (no cloak)
rCorr   .            (no gloves)
SInv    +            s - +0 pair of boots
Will    .....        (no amulet)
Stlth   ++           e - +4 ring of protection
HPRegen 0.26/turn    (no ring)
MPRegen 0.11/turn

%: clarity
@: no status effects
A: permanent stasis, dig shafts and tunnels, antennae 3, four strong arms,
clarity, weak 1
a: Dig, Shaft Self


You were on level 4 of the Dungeon.
You visited 1 branch of the dungeon, and saw 4 of its levels.

You collected 138 gold pieces.

Inventory:

Hand Weapons
 f - a +0 short sword (weapon)
Missiles
 l - 4 poisoned darts
 t - 6 silver javelins
Armour
 h - a +0 scale mail
 k - a +0 ring mail
 p - a +0 leather armour (worn)
 s - a +0 pair of boots (worn)
 v - a +0 kite shield
Jewellery
 e - a +4 ring of protection (left hand)
Scrolls
 a - 2 scrolls of identify {unknown}
 d - a scroll of brand weapon {unknown}
 g - 4 scrolls of teleportation {unknown}
 i - 2 scrolls of fog {unknown}
 j - a scroll of silence {unknown}
 m - a scroll of vulnerability {unknown}
 n - 2 scrolls of amnesia {unknown}
Potions
 b - a potion of magic
 o - a potion of heal wounds {unknown}
 q - a potion of enlightenment {unknown}
 r - a potion of cancellation {unknown}
 u - a potion of ambrosia {unknown}


   Skills:
 + Level 2.2 Fighting
 - Level 1.7 Dodging
 - Level 2.4 Stealth
 + Level 0.0 Shields
 + Level 3.2 Spellcasting
 + Level 2.7 Transmutations
 * Level 5.4 Earth Magic


You couldn't memorise any spells.
You knew the following spells:

 Your Spells              Type           Power      Damage    Failure   Level
a - Sandblast             Erth           38%        2d10      2%          1
b - Passwall              Tmut/Erth      11%        N/A       9%          2
c - Stone Arrow           Conj/Erth      18%        3d8       28%         3
d - Petrify               Tmut/Erth      14%        N/A       47%         4

Your spell library contained the following spells:

 Spells                   Type           Power      Damage    Failure   Level
 Scorch                   Fire           4%         2d5       36%         2
 Ensorcelled Hibernation  Hex/Ice        2%         N/A       41%         2
 Flame Wave               Conj/Fire      1%         2d4       96%         4
 Summon Cactus Giant      Summ           1%         N/A       100%        6
 Swiftness                Air            Unusable   N/A       N/A         3

Dungeon Overview and Level Annotations

Branches:
Dungeon (4/15)
 Temple: D:4-7

Altars:
Kikubaaqudgha
Makhleb

Annotations:
D:4 Pikel


Innate Abilities, Weirdness & Mutations

You cannot be hasted, slowed, berserked, paralysed or teleported.
You can dig through walls and to a lower floor.
You have a pair of large antennae on your head. (SInv)
Your four strong arms can wield two-handed weapons with a shield.
You possess an exceptional clarity of mind.
You are weak. (Str -2)


Message History

v - a +0 kite shield
Found a flail.
Found 5 stones.
Pikel, Merchant of Souls comes into view.
He is wielding a +2 whip of electrocution and wearing a +2 robe of cold resistance. 2 lemures come into view.
A lemure comes into view.
Pikel shouts!
The lemure shouts!
Aiming: Sandblast (safe; 2% risk of failure)
Press: ? - help, Q - select action, (/) - cycle Shift-Dir - straight line, f - Pikel
Aim: Pikel, wielding a +2 whip of electrocution and wearing a +2 robe of cold resistance (77% to hit)
The blast of sand hits Pikel.
Pikel is lightly wounded.
The lemure shouts! x2
You hear a shout!
A lemure comes into view.
Aiming: Sandblast (safe; 2% risk of failure)
Press: ? - help, Q - select action, (/) - cycle Shift-Dir - straight line, f/p - Pikel
Aim: Pikel, wielding a +2 whip of electrocution and wearing a +2 robe of cold resistance (lightly wounded, 77% to hit)
The blast of sand misses Pikel.
The blast of sand hits the lemure!
The lemure is moderately wounded.
Unknown command.
Aiming: Sandblast (safe; 2% risk of failure)
Press: ? - help, Q - select action, (/) - cycle Shift-Dir - straight line, f/p - Pikel
Aim: Pikel, wielding a +2 whip of electrocution and wearing a +2 robe of cold resistance (77% to hit)
The blast of sand hits Pikel.
Pikel is lightly wounded.
Pikel hits you with a +2 whip of electrocution!
You are electrocuted!
Pikel barely misses you. The lemure hits you but does no damage.
Okay, then.
Okay, then.
Okay, then.
The lemure attacks as you move away! The lemure hits you.
Pikel attacks as you move away!
Pikel hits you with a +2 whip of electrocution!
* * * LOW HITPOINT WARNING * * *
It was a potion of mutation.
You feel extremely strange.
You feel weaker.
Your thoughts seem clearer.
Pikel hits you with a +2 whip of electrocution.
You die...

##.# .... #... ..5{
###..##.. #.......
####.....5#
..........# ##.....5#
#.#.# #....5K# #.#.#
#####.@# ...# #..# #
#..# ####..#..#.#
#(.# #..........#
##..######.##..##.###
#...#..........# #
#..........##.##
#.###.#######.# #+.#
#.# #.#


You could see Pikel and 3 lemures.

Vanquished Creatures
  A hound (D:4)
  4 gnolls
  5 adders
  A worm (D:2)
  3 dart slugs
  9 endoplasms
  2 giant cockroaches (D:3)
  5 goblins
  3 hobgoblins
  2 quokkas
  7 ball pythons
  5 bats
  7 frilled lizards
  6 kobolds
  8 rats
68 creatures vanquished.

Notes
Turn   | Place    | Note
-------+----------+-------------------------------------------
     0 | D:1      | Bnni the Formicid Earth Elementalist began the quest for
                  | the Orb.
     0 | D:1      | Reached XP level 1. HP: 13/13 MP: 3/3
    82 | D:1      | Found a faded altar of an unknown god.
   185 | D:1      | Reached XP level 2. HP: 20/20 MP: 3/5
   324 | D:1      | Reached skill level 4 in Earth Magic
   327 | D:1      | Reached XP level 3. HP: 25/25 MP: 0/6
   404 | D:1      | Reached skill level 1 in Fighting
   972 | D:1      | Learned a level 2 spell: Passwall
   976 | D:1      | Learned a level 3 spell: Stone Arrow
   992 | D:2      | Found a burning altar of Makhleb.
  1304 | D:2      | Reached XP level 4. HP: 32/32 MP: 5/7
  1533 | D:2      | Reached XP level 5. HP: 27/38 MP: 1/9
  1668 | D:2      | Reached skill level 5 in Earth Magic
  1814 | D:2      | Learned a level 4 spell: Petrify
  2429 | D:3      | Found an ancient bone altar of Kikubaaqudgha.
  3075 | D:4      | Noticed Pikel
  3076 | D:4      | Noticed a lemure
  3076 | D:4      | Noticed a lemure
  3077 | D:4      | Noticed a lemure
  3078 | D:4      | Noticed a lemure
  3084 | D:4      | Gained mutation: You are weak. (Str -2) [potion of
                  | mutation]
  3084 | D:4      | Gained mutation: You possess an exceptional clarity of
                  | mind. [potion of mutation]
  3084 | D:4      | Slain by Pikel

Illustrated notes

Levels and vault maps discovered:
D:1:      matt_arrival_grand_opening, layout_loops_cross,
          shapermc_ecumenical_altar_flowoftime
D:2:      minmay_evil_eye, layout_basic, basic_altar
D:3:      layout_loops_cross, mainiacjoe_overflow_chevrons, st_stairs_9,
          amcnicky_mini_corridor_feature, minmay_misc_feat_more_columns
D:4:      layout_loops_ring, kennysheep_mini, kennysheep_doodads, dk_vineyard_3,
          kennysheep_pointless_box, uniq_pikel, uniq_natasha

Skill      XL: |  1  2  3  4  5 |
---------------+----------------+-----
Earth Magic    | 4 5 |  5.4
Fighting       | 1 2 |  2.2
Transmutations | 2 |  2.7
Spellcasting   | 3 |  3.2
Dodging        | |  1.7
Stealth        | |  2.4

Action                     |  1- 3 |  4- 6 || total
---------------------------+-------+-------++-------
  Melee: Short sword       |     2 |    23 ||    25
   Cast: Sandblast         |    40 |    59 ||    99
    Use: Potion            |       |     1 ||     1
   Stab: Sleeping          |       |     1 ||     1
 Armour: Robe              |     3 |       ||     3
         Leather armour    |       |    34 ||    34
  Dodge: Dodged            |     6 |    54 ||    60

Table legend: (Time is in decaauts)
 A = Elapsed time spent in this place.
 B = Non-inter-level travel time spent in this place.
 C = Inter-level travel time spent in this place.
 D = Time resting spent in this place.
 E = Time spent auto-exploring this place.
 F = Levels seen in this place.
 G = Mean time per level.
                   A        B        C        D        E       F      G
               +--------+--------+--------+--------+--------+-----+--------+
         Total |   3132 |   3016 |    116 |    117 |   2372 |   4 |  783.0 |
       Dungeon |   3132 |   3016 |    116 |    117 |   2372 |   4 |  783.0 |
               +--------+--------+--------+--------+--------+-----+--------+

Top non-repeatable levels by time:
     D:1: 1108 daAuts
     D:2: 1094 daAuts
     D:3: 713 daAuts
     D:4: 215 daAuts
